Map: Catalyst LE

Players

SALTKING - Winner!

  • Race: Zerg Zerg
  • Spawn Location: 11:00

Leon

  • Race: Terran Terran
  • League: Diamond
  • Spawn Location: 5:00

VOD

Have the link to the VOD?

Description

Time

  • Played on: June 27, 2018, 4:45 p.m.
  • Length: 4:58
Show
View Real Time Build Order
Export as new Build Order

SALTKING Zerg - Winner!

Build Orders: Hatch First 

Get SALT Encoding   

  12  0:01  Drone  
  13  0:12  Overlord  
  13  0:18  Drone  
  14  0:31  Drone x2  
  16  0:35  Drone  
  17  0:52  Hatchery  
  17  0:55  Drone  
  17  0:59  Drone  
  18  1:09  Extractor  
  17  1:15  Spawning Pool  
  17  1:17  Drone  
  17  1:21  Drone  
  18  1:29  Drone  
  19  1:39  Overlord  
  19  1:50  Drone  
  20  2:02  Zergling x2  
  20  2:03  Queen  
  20  2:04  Queen  
  20  2:05  Zergling x2  
  26  2:11  Drone  
  26  2:15  Drone, Metabolic Boost  
  28  2:24  Drone  
  28  2:26  Drone  
  30  2:33  Drone  
  31  2:40  Hatchery  
  30  2:49  Drone x3  
  32  2:55  Overlord  
  32  2:58  Zergling x2  
  32  3:03  Baneling Nest  
  32  3:06  Zergling x2  
  32  3:11  Zergling x2  
  32  3:12  Zergling x2  
  35  3:14  Zergling x6  
  35  3:15  Zergling x2  
  35  3:18  Overlord  
  39  3:21  Zergling x2  
  39  3:23  Zergling x2  
  41  3:28  Zergling x2  
  41  3:33  Zergling x2  
  43  3:39  Zergling x2  
  44  3:44  Zergling x8  
  44  3:46  Baneling  
  44  3:47  Baneling  
  48  3:53  Zergling x2  
  48  3:54  Zergling x2  
  48  3:55  Zergling x4  
  52  3:57  Zergling x2  
  52  3:58  Zergling x2  
  54  4:07  Zergling x6  
  55  4:13  Zergling x4  
  57  4:20  Zergling x4  
  57  4:21  Baneling x3  
  57  4:23  Baneling  
  57  4:24  Zergling x2  
  57  4:27  Zergling x2  
  56  4:32  Zergling x4  
  56  4:36  Overlord  
Show
View Real Time Build Order
Export as new Build Order

Leon Terran 

Build Orders: Reaper Expand 

Get SALT Encoding   

  12  0:02  SCV  
  13  0:14  SCV  
  13  0:18  Supply Depot  
  14  0:26  SCV  
  15  0:29  Refinery  
  15  0:39  SCV  
  16  0:46  Barracks  
  16  0:54  SCV  
  17  1:06  SCV  
  18  1:18  SCV  
  19  1:34  Orbital Command  
  19  1:36  Reaper  
  20  1:48  Command Center  
  20  1:59  Factory  
  20  2:03  SCV  
  21  2:08  Barracks Reactor  
  21  2:17  SCV  
  21  2:19  Refinery  
  22  2:29  SCV  
  22  2:58  Barracks Reactor  
  22  3:00  SCV  
  22  3:03  Orbital Command  
  22  3:04  Supply Depot  
  23  3:08  Hellion x2  
  27  3:18  Factory  
  27  3:19  SCV  
  28  3:31  SCV  
  28  3:32  SCV  
  30  3:37  Supply Depot  
  30  3:43  Cyclone, SCV  
  30  3:44  Hellion, SCV  
  38  3:55  SCV  
  38  3:56  SCV  
  38  4:00  Supply Depot  
  39  4:05  Cyclone  
  31  4:20  Hellion x2  
  31  4:22  Cyclone  
Tags
 
Add a new tag
Caveats
  • Supply blocks, unpowered buildings, or Contaminate may cause inaccurate times.
  • Supply counts are checked every 10 seconds.